 Dungeon Crawl Stone Soup version 0.18.1-6-gd335043 (webtiles) character file.

428 Gargoyl the Skirmisher (level 6, -5/50 HPs)
             Began as a Demonspawn Abyssal Knight on May 18, 2016.
             Was a Priest of Lugonu.
             Slain by a mummy (12 damage)
             ... in an ossuary.
             The game lasted 00:07:55 (2764 turns).

Gargoyl the Skirmisher (Demonspawn Abyssal Knight)  Turns: 2764, Time: 00:07:56

Health: -5/50      AC: 12    Str: 14    XL:     6   Next: 65%
Magic:  16/16      EV:  7    Int: 18    God:    Lugonu [***...]
Gold:   180        SH:  0    Dex: 13    Spells: 0 memorised, 5 levels left

rFire  + . .     SeeInvis .     i - +0 war axe
rCold  . . .     Gourm    .     e - +0 chain mail
rNeg   . . .     Faith    .     (no shield)
rPois  .         Spirit   .     s - +2 helmet
rElec  .         Dismiss  .     (no cloak)
rCorr  .         Reflect  .     (no gloves)
SustAt .         Harm     .     (no boots)
MR     .....     Clarity  +     (no amulet)
Stlth  ..........               f - ring of stealth
                                b - ring of magical power

@: brilliant, not resistant to hostile enchantments, extremely unstealthy
A: talons 1, clarity, fire resistance 1, low mp 1, powered by death 1,
MP-powered wands
a: Depart the Abyss, Bend Space, Banish, Renounce Religion


You were in an ossuary.
You worshipped Lugonu.
Lugonu was most pleased with you.
You were not hungry.

You visited 1 branch of the dungeon, and saw 4 of its levels.
You visited the Abyss 1 time.
You also visited: Ossuary.

You collected 180 gold pieces.

Inventory:

Hand Weapons
 i - a +0 war axe (weapon)
Missiles
 u - 5 tomahawks (quivered)
Armour
 e - a +0 chain mail (worn)
 s - a +2 helmet (worn)
Jewellery
 b - a ring of magical power (left hand)
 f - a ring of stealth (right hand)
Scrolls
 g - 4 scrolls of identify
 k - 2 scrolls of remove curse
 r - 5 scrolls of enchant weapon {unknown}
Comestibles
 c - 4 bread rations
 o - 2 meat rations


   Skills:
 + Level 4.8 Fighting
 + Level 3.2 Axes
 * Level 4.3 Armour
 + Level 1.6 Dodging
 + Level 0.2 Stealth
 + Level 2.9 Invocations


You had 5 spell levels left.
You didn't know any spells.

Dungeon Overview and Level Annotations

Branches:
Dungeon (4/15)             Temple (0/1) D:4

Altars:
Ashenzari


Innate Abilities, Weirdness & Mutations

You have sharp toenails.
You regenerate a little health from kills.
You possess an exceptional clarity of mind.
Your flesh is heat resistant.
Your magical capacity is low (-10% MP).
You expend magic power (3 MP) to strengthen your wands.


Message History

The mummy is moderately damaged.
The mummy barely misses you. The mummy hits you.
* * * LOW HITPOINT WARNING * * *
Drink which item? (? for menu, Esc to quit)
It was a potion of brilliance.
You feel clever all of a sudden.
You hit the mummy.
The mummy is almost destroyed.
You hit the mummy.
The mummy is heavily damaged.
The mummy hits you but does no damage. The mummy hits you.
* * * LOW HITPOINT WARNING * * *
Unknown command.
You hit the mummy.
You destroy the mummy!
Lugonu accepts your kill.
Your chain mail prevents you from hitting the mummy.
The mummy is heavily damaged.
The mummy hits you!
You die...

#### .?. ??!
#.# ###+### #.#
##.....## ##.+
##.......###..#
#.........#.M@+
+....⌠....'...#
#.........#...+
#.......###..#
##.....## ##.+
###'### #.# #.#
#.# ##.## .?.
#.∩.# !!.


You could see a mummy.

Vanquished Creatures
  An ice beast (D:3)
  3 orc priests (D:3)
  An orc wizard (D:3)
  3 mummies
  Robin (D:2)
  5 adders
  4 oozes
  3 worms
  A dart slug (D:1)
  12 orcs (D:3)
  6 bats
  A giant cockroach (D:3)
  18 goblins
  12 hobgoblins
  7 jackals
  11 kobolds
  2 quokkas (D:3)
  3 giant newts
  6 rats
100 creatures vanquished.

Notes
Turn   | Place    | Note
--------------------------------------------------------------
     0 | Abyss:1  | Gargoyl the Demonspawn Abyssal Knight began the quest for the Orb.
     0 | Abyss:1  | Reached XP level 1. HP: 18/18 MP: 2/2
     0 | Abyss:1  | Found a corrupted altar of Lugonu.
    70 | Abyss:3  | Found a corrupted altar of Lugonu.
   123 | Abyss:4  | Noticed a crimson imp
   124 | Abyss:4  | Noticed a crimson imp
   124 | D:1      | Escaped the Abyss
   341 | D:1      | Gained mutation: You regenerate a little health from kills. [demonic ancestry]
   341 | D:1      | Reached XP level 2. HP: 24/24 MP: 3/3
   398 | D:1      | Reached * piety under Lugonu
   447 | D:1      | Reached skill level 1 in Dodging
   519 | D:1      | Reached XP level 3. HP: 15/30 MP: 5/5
   851 | D:2      | Found a faded altar to an unknown god.
   974 | D:2      | Noticed Robin
   980 | D:2      | Reached ** piety under Lugonu
   990 | D:2      | Killed Robin
   993 | D:2      | Gained mutation: You have sharp toenails. [demonic ancestry]
   993 | D:2      | Reached XP level 4. HP: 34/37 MP: 6/6
  1245 | D:2      | Found a shattered altar of Ashenzari.
  1754 | D:3      | Reached XP level 5. HP: 12/43 MP: 7/7
  1773 | D:3      | Noticed an ice beast
  1783 | D:3      | Gained mutation: You possess an exceptional clarity of mind. [potion of mutation]
  1783 | D:3      | Gained mutation: You are weak. (Str -2) [potion of mutation]
  1783 | D:3      | Gained mutation: Your flesh is heat resistant. [potion of mutation]
  2049 | D:2      | Lost mutation: You are weak. (Str -2) [potion of mutation]
  2049 | D:2      | Gained mutation: You expend magic power (3 MP) to strengthen your wands. [potion of mutation]
  2049 | D:2      | Gained mutation: Your magical capacity is low (-10% MP). [potion of mutation]
  2089 | D:3      | Killed an ice beast
  2089 | D:3      | Reached *** piety under Lugonu
  2372 | D:3      | Reached XP level 6. HP: 49/49 MP: 7/7
  2715 | D:4      | Found a sand-covered staircase.
  2723 | Ossuary  | Entered an ossuary
  2764 | Ossuary  | Slain by a mummy

Skill      XL: |  1  2  3  4  5  6 |
---------------+-------------------+-----
Armour         | 2 3 4 |  4.3
Dodging        | 1 |  1.6
Fighting       | 4 |  4.8
Axes           | 2 3 |  3.2
Stealth        | |  0.2
Invocations    | |  2.9

Action                   |  1- 3 |  4- 6 || total
-------------------------+-------+-------++-------
Melee: Hand axe          |   116 |   186 ||   302
       Kick              |       |    71 ||    71
       War axe           |       |    74 ||    74
Invok: Depart the Abyss  |     1 |       ||     1
  Use: Potion            |       |     7 ||     7
       Scroll            |       |     8 ||     8
  Eat: Chunk             |       |     7 ||     7
Armor: Chain mail        |   101 |   266 ||   367
Dodge: Dodged            |    46 |    96 ||   142
